 Dungeon Crawl Stone Soup version 0.24-a0-584-g9d6b971ae4 (webtiles) character file.

Game seed: 2921515779692880205, levelgen mode: deterministic

497 Gynju the Magician (level 6, 0/32 HPs)
             Began as a Deep Elf Fire Elementalist on Sept 4, 2019.
             Slain by a gnoll
             ... wielding a +0 spear
              (6 damage)
             ... on level 4 of the Dungeon.
             The game lasted 00:07:09 (3722 turns).

Gynju the Magician (Deep Elf Fire Elementalist)     Turns: 3722, Time: 00:07:09

Health: 0/32       AC:  4    Str:  5    XL:     6   Next: 93%
Magic:  8/18       EV: 13    Int: 22    God:
Gold:   111        SH:  0    Dex: 15    Spells: 9/19 levels left

rFire    . . .     SeeInvis .   b - +0 whip
rCold    . . .     Gourm    .   (no shield)
rNeg     . . .     Faith    .   a - +0 robe
rPois    .         Spirit   .   (no helmet)
rElec    .         Reflect  .   t - +1 cloak (curse)
rCorr    .         Harm     .   (no gloves)
MR       +....                  (no boots)
Stlth    ++........             (no amulet)
HPRegen  0.10/turn              d - ring of protection from magic
MPRegen  0.16/turn              (no ring)

@: no status effects
A: no striking features
a: no special abilities


You were on level 4 of the Dungeon.
You were not hungry.

You visited 1 branch of the dungeon, and saw 4 of its levels.

You collected 111 gold pieces.

Inventory:

Hand Weapons
 b - a +0 whip (weapon)
Armour
 a - a +0 robe (worn)
 t - a cursed +1 cloak (worn)
Jewellery
 d - a ring of protection from magic (left hand)
Wands
 s - a wand of paralysis (8)
Scrolls
 i - a scroll of teleportation
 k - a scroll of fog
 n - 2 scrolls of enchant armour
Potions
 e - a potion of might
 f - a potion of berserk rage
 h - 2 potions of curing
 j - a potion of invisibility
 o - a potion of lignification {unknown}
 q - a potion of haste {unknown}
 v - a potion of heal wounds {unknown}
 x - a potion of cancellation {unknown}
Comestibles
 c - 8 rations


   Skills:
 - Level 2.4 Dodging
 - Level 2.4 Stealth
 * Level 7.1 Spellcasting
 * Level 5.4 Conjurations
 - Level 4.0 Fire Magic


You had 9 spell levels left.
You knew the following spells:

 Your Spells              Type           Power        Failure   Level  Hunger
a - Flame Tongue          Conj/Fire      ####.        1%          1    None
b - Conjure Flame         Conj/Fire      ####....     3%          3    None
c - Throw Flame           Conj/Fire      ####..       1%          2    None
d - Sticky Flame          Conj/Fire      ####....     12%         4    ###....

Your spell library contained the following spells:

 Spells                   Type           Power        Failure   Level  Hunger
 Inner Flame              Hex/Fire       ###.....     11%         3    None
 Fireball                 Conj/Fire      ####......   32%         5    #####..


Dungeon Overview and Level Annotations

Branches:
Dungeon (4/15)
 Temple: D:4-7

Altars:


Message History

The flame tongue misses the gnoll.
The flame tongue hits the gnoll.
The gnoll is severely wounded.
The gnoll hits you from afar with a +0 spear!
Casting: Flame Tongue (safe; 1% risk of failure)
Confirm with . or Enter, or press ? or * to list all spells.
Aiming: Flame Tongue (safe; 1% risk of failure)
Press: ? - help, Shift-Dir - straight line, f/p - gnoll
Aim: a gnoll, wielding a +0 spear (severely wounded)
The flame tongue misses the gnoll.
The flame tongue hits the gnoll!
You kill the gnoll!
The gnoll hits you from afar with a +0 spear!
* * * LOW HITPOINT WARNING * * *
Casting: Flame Tongue (safe; 1% risk of failure)
Confirm with . or Enter, or press ? or * to list all spells.
Aiming: Flame Tongue (safe; 1% risk of failure)
Press: ? - help, Shift-Dir - straight line, f/p - gnoll
Aim: a gnoll, wielding a +0 spear (severely wounded)
The flame tongue misses the gnoll.
The gnoll hits you from afar with a +0 spear.
You die...

###*,,,,,,,* #.# #...........
,,,,,,,,,,,* #.# #####........#
,***,,,,,,,* #.# #.............
,* *,,,,,,,* #.# #............#
,* *,,,,,,,* #.# #.............
** *,,,,,..#####.###.......###.##
*,,,,,...........a.....##.....
****,,,,,.######.#######..#..#.#.
,,,,,,,,,,* #@...........#(#%#
,,,,,,,,,,* #.########.#..#,#.
,,,,,,,,*,* ##g#######..##..,..
,,,,,,,,*,* #.g.(........###.##
,,,,,,,,*,** #.....(.........)..
,,,,,,,,*,,* #......(........%.,
,,,,,,,,**,***#.............###**
,,,,,,,,*,,,,*#.(.........!.#
,,,,,,,,*,,,,*#.......g....##


You could see 2 gnolls.

Vanquished Creatures
  A phantom (D:4)
  An ogre (D:4)
  A scorpion (D:4)
  A centaur skeleton (D:3)
  An iguana (D:3)
  Natasha (thrice) (D:2)
  A hound skeleton (D:3)
  4 gnolls
  3 adders
  A worm (D:2)
  A leopard gecko (D:2)
  2 orcs
  A ball python (D:1)
  3 giant cockroaches (D:2)
  9 goblins
  10 hobgoblins
  4 jackals
  7 kobolds
  5 bats
  5 frilled lizards
  7 rats
71 creatures vanquished.

Notes
Turn   | Place    | Note
-------+----------+-------------------------------------------
     0 | D:1      | Gynju the Deep Elf Fire Elementalist began the quest for
                  | the Orb.
     0 | D:1      | Reached XP level 1. HP: 10/10 MP: 6/6
   146 | D:1      | Reached XP level 2. HP: 15/15 MP: 2/8
   853 | D:2      | Noticed Natasha
   863 | D:2      | Killed Natasha
   863 | D:2      | Reached skill level 4 in Spellcasting
   863 | D:2      | Reached XP level 3. HP: 1/19 MP: 0/10
   897 | D:2      | Noticed Natasha
   902 | D:2      | Killed Natasha
   902 | D:2      | Reached XP level 4. HP: 5/24 MP: 0/12
  1154 | D:2      | Learned a level 3 spell: Conjure Flame
  1157 | D:2      | Learned a level 2 spell: Throw Flame
  1251 | D:2      | Noticed Natasha
  1256 | D:2      | Killed Natasha
  1705 | D:2      | Reached skill level 5 in Spellcasting
  1856 | D:2      | You fall into a shaft and drop 2 floors!
  1865 | D:4      | Noticed a phantom
  1941 | D:2      | Reached XP level 5. HP: 28/28 MP: 11/14
  2164 | D:2      | Learned a level 4 spell: Sticky Flame
  3318 | D:3      | Reached skill level 6 in Spellcasting
  3320 | D:3      | Reached XP level 6. HP: 7/32 MP: 11/17
  3666 | D:4      | Reached skill level 5 in Conjurations
  3679 | D:4      | Reached skill level 7 in Spellcasting
  3722 | D:4      | Slain by a gnoll

Levels and vault maps discovered:
D:1:      wander_arrival_desolate, layout_loops_ring
D:2:      layout_loops_cross, first_ration, uniq_natasha
D:3:      layout_basic
D:4:      layout_basic, minmay_box_of_dots

Skill      XL: |  1  2  3  4  5  6 |
---------------+-------------------+-----
Conjurations   | 2 3 4 5 |  5.4
Spellcasting   | 4 5 6 7 |  7.1
Fire Magic     | 4 |  4.0
Dodging        | |  2.4
Stealth        | |  2.4

Action                   |  1- 3 |  4- 6 || total
-------------------------+-------+-------++-------
Melee: Whip              |    14 |    14 ||    28
 Cast: Flame Tongue      |    35 |    95 ||   130
       Throw Flame       |       |    10 ||    10
  Use: Scroll            |       |    11 ||    11
 Stab: Sleeping          |     1 |     2 ||     3
  Eat: Chunk             |       |     5 ||     5
       Ration            |       |     1 ||     1
Armor: Robe              |     2 |    11 ||    13
Dodge: Dodged            |    14 |    27 ||    41

Table legend:
 A = Non-vault XP
 B = Vault XP
 C = Vault XP percentage of total XP
 D = Non-vault monster count
 E = Vault monster count
 F = Vault count percentage of total count
                 A         B        C        D         E       F
            +---------+---------+-------+---------+---------+-------
      Total |     429 |     281 |  39.6 |      68 |       3 |   4.2
            +---------+---------+-------+---------+---------+-------
        D:1 |      34 |       0 |   0.0 |      21 |       0 |   0.0
        D:2 |     132 |      35 |  21.0 |      29 |       1 |   3.3
        D:3 |     179 |       0 |   0.0 |      15 |       0 |   0.0
        D:4 |      84 |     246 |  74.5 |       3 |       2 |  40.0
            +---------+---------+-------+---------+---------+-------
